 Dungeon Crawl Stone Soup version 0.25-a0-488-g03579ab (webtiles) character file.

Game seed: 17017325103919657727, levelgen mode: deterministic

23 Coldstonesans the Ducker (level 2, 0/16 HPs)
             Began as a Spriggan Abyssal Knight on Feb 10, 2020.
             Was a Follower of Lugonu.
             Slain by an orc
             ... wielding a cursed +0 hand axe
              (4 damage)
             ... on level 1 of the Dungeon.
             The game lasted 00:01:50 (1322 turns).

Coldstonesans the Ducker (Spriggan Abyssal Knight)  Turns: 1322, Time: 00:01:50

Health: 0/16       AC:  2    Str:  8    XL:     2   Next: 75%
Magic:  4/4        EV: 19    Int: 13    God:    Lugonu [*.....]
Gold:   29         SH:  0    Dex: 15    Spells: 1/1 levels left

rFire    . . .     SeeInvis +   a - +1 short sword
rCold    . . .     Gourm    .   (shield restricted)
rNeg     . . .     Faith    .   b - +0 robe
rPois    .         Spirit   .   (helmet restricted)
rElec    .         Reflect  .   (no cloak)
rCorr    .         Harm     .   (gloves unavailable)
MR       .....                  (boots unavailable)
Stlth    ++........             (no amulet)
HPRegen  0.05/turn              (no ring)
MPRegen  0.09/turn              (no ring)

@: very quick
A: very small, unfitting armour, see invisible, herbivore, speed 3, slow
metabolism 2
a: Depart the Abyss, Renounce Religion


You were on level 1 of the Dungeon.
You worshipped Lugonu.
Lugonu was aware of your devotion.
You were not hungry.

You visited 1 branch of the dungeon, and saw 2 of its levels.
You visited the Abyss 1 time.

You collected 29 gold pieces.

Inventory:

Hand Weapons
 a - a +1 short sword (weapon)
Armour
 b - a +0 robe (worn)
Scrolls
 e - 2 scrolls of identify {unknown}
 f - a scroll of enchant weapon {unknown}
 g - a scroll of magic mapping {unknown}
Potions
 d - a potion of curing {unknown}
Comestibles
 c - 3 rations


   Skills:
 - Level 2.4 Fighting
 + Level 2.5 Short Blades
 * Level 4.3 Dodging
 + Level 1.6 Stealth
 + Level 2.1 Invocations


You had one spell level left.
You didn't know any spells.
Your spell library was empty.

Dungeon Overview and Level Annotations

Branches:
Dungeon (2/15)

Altars:


Innate Abilities, Weirdness & Mutations

You are very small and have problems with some larger weapons.
You are too small for most types of armour.
You have supernaturally acute eyesight. (SInv)
You are a herbivore.
You cover ground extremely quickly.
You need to consume almost no food.


Message History

Okay, then.
Okay, then.
The orc falls through a shaft!
The shaft crumbles and collapses.
You hit the orc.
The orc is moderately wounded.
The orc barely misses you.
You hit the orc.
The orc is severely wounded.
The orc barely misses you.
You barely miss the orc.
The orc is severely wounded.
The orc hits you with a cursed +0 hand axe.
* * * LOW HITPOINT WARNING * * *
You hit the orc.
The orc is almost dead.
The orc misses you.
You hit the orc but do no damage.
The orc is almost dead.
The orc hits you with a cursed +0 hand axe.
You die...

####### #######.....#
######.....#.....#
.................#
##.###.....#...o.#########
#.###.....#....@........#
#.......................#
#####...................#
#.÷....#'###......[.#
#...†..#.# #........#
###>##.#####........######
#.##.#.................#
#.##.#.##..............#
#.##.#.#..#..#.###.....#


You could see an orc.

Vanquished Creatures
  A dart slug (D:1)
  2 leopard geckos
  3 giant cockroaches (D:1)
  3 kobolds (D:1)
  5 bats
  2 frilled lizards (D:2)
  4 rats
20 creatures vanquished.

Notes
Turn   | Place    | Note
-------+----------+-------------------------------------------
     0 | Abyss:1  | Coldstonesans the Spriggan Abyssal Knight began the quest
                  | for the Orb.
     0 | Abyss:1  | Reached XP level 1. HP: 11/11 MP: 3/3
    13 | D:1      | Escaped the Abyss
   387 | D:1      | Reached skill level 1 in Stealth
   387 | D:1      | Reached XP level 2. HP: 4/16 MP: 4/4
   690 | D:1      | Reached skill level 4 in Dodging
  1322 | D:1      | Slain by an orc

Levels and vault maps discovered:
D:1:      matt_arrival_grand_opening, layout_basic, serial_bayou_lagoon_a
D:2:      layout_basic

Skill      XL: |  1  2 |
---------------+-------+-----
Stealth        | 1 |  1.6
Invocations    | 2 |  2.1
Dodging        | 4 |  4.3
Fighting       | |  2.4
Short Blades   | |  2.5

Action                   || total
-------------------------++-------
Melee: Short sword       ||   105
  Use: Scroll            ||     1
       Potion            ||     1
 Stab: Sleeping          ||     2
Armor: Robe              ||    13
Dodge: Dodged            ||   100

Table legend:
 A = Non-vault XP
 B = Vault XP
 C = Vault XP percentage of total XP
 D = Non-vault monster count
 E = Vault monster count
 F = Vault count percentage of total count
                 A         B        C        D         E       F
            +---------+---------+-------+---------+---------+-------
      Total |      34 |       0 |   0.0 |      20 |       0 |   0.0
            +---------+---------+-------+---------+---------+-------
        D:1 |      26 |       0 |   0.0 |      14 |       0 |   0.0
        D:2 |       8 |       0 |   0.0 |       6 |       0 |   0.0
            +---------+---------+-------+---------+---------+-------
